 Dungeon Crawl Stone Soup version 0.30-a0-937-ga0a21ad780 (webtiles) character file.

Game seed: 8521578779530342664

3 MachoJfn the Insei (level 1, 0/17 HPs)
             Began as a Djinni Transmuter on Mar 24, 2023.
             Slain by a jackal (2 damage)
             ... on level 1 of the Dungeon.
             The game lasted 00:00:53 (125 turns).

MachoJfn the Insei (Djinni Transmuter)               Turns: 125, Time: 00:00:54

Health: 0/17       AC:  2    Str:  9    XL:     1   Next: 55%
Gold:   0          EV: 12    Int: 14    God:
                   SH:  0    Dex: 13

rFire   + + .      SeeInvis .      - Unarmed
rCold   x . .      Faith    .    (no shield)
rNeg    . . .      Spirit   .    a - +0 robe
rPois   ∞          Reflect  .    (helmet currently unavailable)
rElec   .          Rampage  .    (no cloak)
rCorr   .                        (no gloves)
Will    .....                    (boots unavailable)
Stlth   +                        (no amulet)
HPRegen 0.22/turn                (no ring)
MPRegen 0.00/turn                (no ring)

@: appendages (expiring), flying
A: horns 2, flying, sickness immunity, fire resistance 2, cold vulnerability 1,
float, innate caster, HP casting, extra vitality 1
a: End Transformation


You were on level 1 of the Dungeon.
You had temporarily grown beastly horns.
You visited 1 branch of the dungeon, and saw 1 of its levels.

Inventory:

Armour
 a - a +0 robe (worn)
 d - a +0 pair of gloves
Scrolls
 c - a scroll of blinking {unknown}
Potions
 b - a potion of lignification


   Skills:
 + Level 1.0 Fighting
 + Level 2.1 Dodging
 + Level 3.1 Unarmed Combat
 + Level 1.6 Spellcasting


You knew the following spells:

 Your Spells              Type           Power      Damage    Failure   Level
a - Beastly Appendage     Tmut           10%        N/A       12%         1
b - Wereblood             Tmut           5%         N/A       19%         2
c - Spider Form           Tmut/Pois      5%         N/A       36%         3
d - Ice Form              Ice/Tmut       5%         N/A       77%         4
Your spell library was empty.

Dungeon Overview and Level Annotations

Branches:
Dungeon (1/15)

Altars:


Innate Abilities, Weirdness & Mutations

You have temporarily grown beastly horns.
You are flying.
You are immune to sickness and miasma.
You are immune to poison.
Your flesh is very heat resistant. (rF++)
You are vulnerable to cold. (rC-)
You float through the air rather than walking.
You learn spells naturally, not from books.
Your magical power is your life essence.
You have superior vitality. (+4 MHP)


Message History

You barely miss the frilled lizard. You headbutt the frilled lizard.
You kill the frilled lizard!
You see here a frilled lizard corpse.
You are now empty-handed.
You drop a +0 short sword.
Your horns disappear.
Found a pair of gloves.
Found a gnarled smoking staff.
Found a scroll labelled ICUHU KAWEGH.
c - a scroll labelled ORUIF PISY MIUS A goblin and a kobold come into view.
The goblin shouts!
You see here a +0 pair of gloves.
d - a +0 pair of gloves The kobold shouts!
A ball python comes into view.
The kobold throws a stone.
The stone hits you but does no damage.
A jackal comes into view.
The ball python hisses angrily.
The jackal barks!
Casting: Beastly Appendage (safe; 12% risk of failure)
Confirm with . or Enter, or press ? or * to list all spells.
You grow a pair of large bovine horns.
The goblin hits you with a +0 club.
* * * LOW HITPOINT WARNING * * *
You hit the goblin. Your headbutt misses the goblin.
The goblin is heavily wounded.
The goblin barely misses you.
You barely miss the goblin.
The goblin is heavily wounded.
The goblin hits you with a +0 club.
* * * LOW HITPOINT WARNING * * *
The kobold hits you with a +0 dagger.
* * * LOW HITPOINT WARNING * * *
You barely miss the goblin.
The goblin is heavily wounded.
Your transformation is almost over.
The goblin barely misses you. The kobold hits you but does no damage.
The jackal closely misses you. The goblin attacks as you move away!
The goblin closely misses you. The goblin attacks as you move away!
The goblin closely misses you. The jackal attacks as you move away!
The jackal bites you.
You die...

...#......# ..#
..........###..#.#
...#.............##..#
.....................# #
#................# #.#.#.
...........# #...# #.#.#.
.......K...###...# #.....
.......g.........###.#.#.
......Sh@................
.................).......
##.##.##.......#####'####
.. ... #....########.####
# ##.. #...## ##.......#
#. #..## #.......... #.
#.|# #....#####.. ..?#
...######### ..##....§..#


You could see a jackal, a goblin, a ball python and a kobold.

Vanquished Creatures
  A ball python (D:1)
  A hobgoblin (D:1)
  A frilled lizard (D:1)
3 creatures vanquished.

Notes
Turn   | Place    | Note
-------+----------+-------------------------------------------
     0 | D:1      | MachoJfn the Djinni Transmuter began the quest for the Orb.
     0 | D:1      | MachoJfn set off with the following spells memorised:
                  | Beastly Appendage, Wereblood, Spider Form, Ice Form.
     0 | D:1      | Reached XP level 1. HP: 17/17 MP: 0/0
   125 | D:1      | Slain by a jackal

Illustrated notes

Levels and vault maps discovered:
D:1:      dpeg_arrival_concentric_ovals, layout_basic,
          ebering_ecumenical_altar_hall, chequers_serial_rivers_micro_d

Action                     || total
---------------------------++-------
  Melee: Short sword       ||     8
         Unarmed           ||     3
         Headbutt          ||     1
   Cast: Beastly Appendage ||     2
 Armour: Robe              ||     3
  Dodge: Dodged            ||    13

Table legend: (Time is in decaauts)
 A = Elapsed time spent in this place.
 B = Non-inter-level travel time spent in this place.
 C = Inter-level travel time spent in this place.
 D = Time resting spent in this place.
 E = Time spent auto-exploring this place.
 F = Levels seen in this place.
 G = Mean time per level.
                   A        B        C        D        E       F      G
               +--------+--------+--------+--------+--------+-----+--------+
         Total |    124 |     53 |     71 |      0 |     23 |   1 |  124.0 |
       Dungeon |    124 |     53 |     71 |      0 |     23 |   1 |  124.0 |
               +--------+--------+--------+--------+--------+-----+--------+

Top non-repeatable levels by time:
     D:1: 124 daAuts
